[ AOE2 MATCH · #459810033 ]
UnrankedSpanish vs Goths
[ REPLAY ANALYSIS · EXTRACTED FROM THE RECORDED GAME ]
Feudal
13:56
Castle
27:44
Imperial
39:22
| APM avg | 35.1 |
| APM peak | 75 |
| eAPM avg | 15.3 |
| Villagers / military | 90 / 45 |
Focus
⚔️ 16.2% · 🌾 83.8%
Conquistador ×15 · Scout Cavalry ×13 · Knight ×12 · Mangonel ×3 · Trebuchet (Packed) ×2
Feudal
—
Castle
—
Imperial
—
| APM avg | 0.2 |
| APM peak | 9 |
| eAPM avg | 0.2 |
| Villagers / military | 0 / 0 |
Feudal
16:13
Castle
20:58
Imperial
41:21
| APM avg | 15.0 |
| APM peak | 43 |
| eAPM avg | 11.1 |
| Villagers / military | 119 / 130 |
Focus
⚔️ 29.2% · 🌾 70.8%
Eagle Scout ×81 · Skirmisher ×34 · Fishing Ship ×14 · Monk ×8 · Unknown (2626) ×6 · Spearman ×4
Feudal
—
Castle
—
Imperial
—
| APM avg | 0.2 |
| APM peak | 9 |
| eAPM avg | 0.2 |
| Villagers / military | 0 / 0 |
Match map
Initial resources + every placement click. Lines = walls · curves = elevation contours. ◆ gold · ⬟ stone · ● berries · ✦ relic · ◌ wall gap
Your base· Open — 3t gap
aj.jr's base· Open — unwalled flank
Icke's base· Open — unwalled flank
𝓙 𝓮 𝓪 𝓷 ´'s base· Open — unwalled flank
Smoothed initial terrain · ◌ = detected wall gap · hover for details
Inputs per minute
— STRIKERRRR - - aj.jr
Build order — STRIKERRRR
First 150 of 241 actions detected
| 0:13 | Build | Town Center |
| 0:24 | Build | House |
| 0:29 | Build | House |
| 2:34 | Create | Villager (Male) |
| 2:34 | Create | Villager (Male) |
| 2:35 | Create | Villager (Male) |
| 2:35 | Create | Villager (Male) |
| 3:49 | Create | Villager (Male) |
| 4:39 | Create | Villager (Male) |
| 5:02 | Create | Villager (Male) |
| 5:49 | Create | Villager (Male) |
| 5:49 | Create | Villager (Male) |
| 6:23 | Build | House |
| 6:31 | Build | House |
| 6:33 | Build | Mill |
| 6:54 | Create | Villager (Male) |
| 6:54 | Create | Villager (Male) |
| 6:55 | Create | Villager (Male) |
| 7:25 | Create | Villager (Male) |
| 8:08 | Research | Loom |
| 8:14 | Build | House |
| 8:49 | Create | Villager (Male) |
| 8:50 | Create | Villager (Male) |
| 9:44 | Create | Villager (Male) |
| 10:04 | Build | Mining Camp |
| 10:07 | Create | Villager (Male) |
| 10:53 | Create | Villager (Male) |
| 11:16 | Create | Villager (Male) |
| 11:46 | Research | Feudal Age |
| 12:08 | Build | Barracks |
| 12:14 | Build | House |
| 12:22 | Build | Barracks |
| 12:48 | Build | Palisade Gate |
| 13:56 | Age | Feudal Age |
| 13:58 | Build | Blacksmith |
| 14:01 | Build | Stable |
| 14:17 | Create | Villager (Male) |
| 14:17 | Create | Villager (Male) |
| 14:32 | Build | Stable |
| 14:37 | Build | House |
| 14:39 | Build | House |
| 15:03 | Create | Villager (Male) |
| 15:06 | Create | Scout Cavalry |
| 15:20 | Create | Villager (Male) |
| 15:22 | Create | Villager (Male) |
| 15:25 | Build | Mining Camp |
| 15:32 | Create | Scout Cavalry |
| 15:34 | Create | Scout Cavalry |
| 15:38 | Build | House |
| 15:43 | Create | Scout Cavalry |
| 15:47 | Create | Villager (Male) |
| 16:30 | Build | House |
| 16:31 | Build | House |
| 16:32 | Build | House |
| 16:34 | Build | House |
| 16:46 | Build | Palisade Gate |
| 16:51 | Create | Scout Cavalry |
| 16:51 | Create | Scout Cavalry |
| 17:17 | Create | Villager (Male) |
| 17:18 | Create | Villager (Male) |
| 17:22 | Build | Farm |
| 17:22 | Build | Farm |
| 17:42 | Research | Forging |
| 19:18 | Create | Villager (Male) |
| 19:19 | Create | Villager (Male) |
| 19:19 | Create | Villager (Male) |
| 19:21 | Build | Farm |
| 19:21 | Build | Farm |
| 20:04 | Build | Archery Range |
| 20:08 | Create | Scout Cavalry |
| 20:09 | Create | Scout Cavalry |
| 20:10 | Create | Scout Cavalry |
| 20:30 | Create | Scout Cavalry |
| 20:56 | Create | Villager (Male) |
| 21:01 | Build | Farm |
| 21:01 | Build | Farm |
| 21:01 | Build | Farm |
| 21:43 | Build | Farm |
| 21:46 | Build | Farm |
| 21:47 | Build | Farm |
| 21:47 | Build | Farm |
| 21:48 | Build | Farm |
| 21:49 | Build | Farm |
| 22:39 | Build | Farm |
| 22:39 | Build | Farm |
| 22:48 | Create | Villager (Male) |
| 22:49 | Create | Villager (Male) |
| 22:49 | Create | Villager (Male) |
| 22:52 | Create | Villager (Male) |
| 24:07 | Build | Market |
| 24:27 | Create | Villager (Male) |
| 24:40 | Build | Lumber Camp |
| 24:54 | Create | Villager (Male) |
| 25:04 | Research | Castle Age |
| 26:16 | Build | Dock |
| 26:39 | Research | Bloodlines |
| 26:51 | Build | Mining Camp |
| 27:29 | Research | Double-Bit Axe |
| 27:35 | Create | Villager (Male) |
| 27:36 | Create | Villager (Male) |
| 27:44 | Age | Castle Age |
| 27:53 | Build | Castle |
| 28:21 | Build | Farm |
| 28:23 | Create | Villager (Male) |
| 28:35 | Build | Town Center |
| 28:38 | Create | Villager (Male) |
| 28:40 | Create | Villager (Male) |
| 28:46 | Research | Husbandry |
| 28:52 | Research | Scale Barding Armor |
| 28:53 | Research | Fletching |
| 29:03 | Create | Villager (Male) |
| 29:20 | Create | Conquistador |
| 29:21 | Create | Conquistador |
| 29:25 | Build | Siege Workshop |
| 29:30 | Create | Villager (Male) |
| 29:45 | Create | Conquistador |
| 30:15 | Create | Villager (Male) |
| 30:15 | Create | Villager (Male) |
| 30:16 | Create | Villager (Male) |
| 30:21 | Build | Farm |
| 30:21 | Build | Farm |
| 30:21 | Build | Farm |
| 30:27 | Create | Conquistador |
| 30:44 | Create | Conquistador |
| 30:51 | Build | Farm |
| 30:56 | Create | Villager (Male) |
| 31:42 | Create | Conquistador |
| 31:43 | Create | Conquistador |
| 32:04 | Create | Conquistador |
| 32:11 | Build | University |
| 32:20 | Create | Villager (Male) |
| 32:21 | Create | Villager (Male) |
| 32:22 | Create | Villager (Male) |
| 32:27 | Create | Mangonel |
| 32:50 | Build | Farm |
| 33:00 | Create | Villager (Male) |
| 33:00 | Create | Villager (Male) |
| 33:00 | Create | Villager (Male) |
| 33:10 | Build | Farm |
| 33:12 | Build | Farm |
| 34:36 | Create | Villager (Male) |
| 35:00 | Build | Town Center |
| 35:26 | Build | Castle |
| 36:12 | Research | Imperial Age |
| 36:14 | Create | Villager (Male) |
| 36:14 | Create | Villager (Male) |
| 36:15 | Create | Villager (Male) |
| 36:18 | Build | Farm |
| 36:18 | Build | Farm |
| 36:18 | Build | Farm |
Build order — aj.jr
0 actions detected in the replay
Build order — Icke
First 150 of 262 actions detected
| 0:55 | Build | Town Center |
| 1:28 | Build | House |
| 1:29 | Build | House |
| 1:38 | Build | Dock |
| 3:10 | Create | Villager (Male) ×4 |
| 4:26 | Create | Villager (Male) |
| 4:54 | Create | Fishing Ship |
| 5:15 | Research | Loom |
| 5:34 | Create | Fishing Ship |
| 5:53 | Build | House |
| 6:21 | Create | Villager (Male) |
| 6:37 | Build | House |
| 6:38 | Build | House |
| 6:57 | Create | Villager (Male) |
| 7:22 | Create | Villager (Male) ×2 |
| 7:47 | Create | Fishing Ship |
| 7:57 | Create | Villager (Male) |
| 8:16 | Create | Villager (Male) |
| 8:29 | Create | Fishing Ship |
| 8:57 | Create | Villager (Male) |
| 9:08 | Create | Fishing Ship |
| 9:18 | Create | Villager (Male) |
| 9:22 | Create | Villager (Male) |
| 9:23 | Create | Villager (Male) |
| 9:45 | Create | Villager (Male) |
| 9:49 | Create | Fishing Ship |
| 9:49 | Create | Fishing Ship |
| 10:14 | Create | Villager (Male) |
| 10:23 | Build | House |
| 10:25 | Build | House |
| 10:42 | Create | Villager (Male) |
| 11:14 | Create | Fishing Ship |
| 11:30 | Create | Villager (Male) |
| 11:30 | Create | Villager (Male) |
| 11:30 | Create | Villager (Male) |
| 11:31 | Create | Villager (Male) |
| 11:58 | Create | Fishing Ship |
| 12:05 | Build | House |
| 12:10 | Build | House |
| 12:33 | Create | Fishing Ship |
| 12:50 | Create | Villager (Male) |
| 12:59 | Build | Mill |
| 13:11 | Build | Mining Camp |
| 13:33 | Create | Fishing Ship |
| 13:55 | Research | Feudal Age |
| 14:15 | Create | Fishing Ship |
| 14:29 | Build | Dock |
| 14:34 | Create | Fishing Ship |
| 14:37 | Create | Villager (Male) |
| 15:01 | Build | House |
| 15:11 | Create | Fishing Ship |
| 16:13 | Age | Feudal Age |
| 16:14 | Research | Wheelbarrow |
| 16:20 | Build | Blacksmith |
| 16:39 | Build | Market |
| 16:55 | Research | Horse Collar |
| 17:13 | Build | Lumber Camp |
| 17:32 | Create | Villager (Male) |
| 17:52 | Build | Barracks |
| 18:08 | Research | Castle Age |
| 18:34 | Build | Barracks |
| 18:35 | Build | Barracks |
| 18:48 | Build | Barracks |
| 18:56 | Create | Villager (Male) |
| 19:12 | Build | Barracks |
| 19:28 | Create | Villager (Male) ×5 |
| 19:37 | Create | Spearman |
| 19:38 | Create | Spearman |
| 19:44 | Create | Spearman |
| 19:44 | Create | Spearman |
| 19:53 | Research | Forging |
| 19:54 | Research | Scale Mail Armor |
| 19:59 | Research | Gold Mining |
| 20:12 | Research | Double-Bit Axe |
| 20:53 | Create | Eagle Scout |
| 20:53 | Create | Eagle Scout |
| 20:54 | Create | Eagle Scout |
| 20:54 | Create | Eagle Scout |
| 20:58 | Age | Castle Age |
| 21:09 | Research | Stone Mining |
| 21:28 | Build | Town Center |
| 22:46 | Create | Villager (Male) ×5 |
| 23:18 | Create | Villager (Male) ×5 |
| 23:34 | Build | Town Center |
| 23:41 | Create | Villager (Male) |
| 24:21 | Research | Heavy Plow |
| 25:08 | Create | Villager (Male) ×2 |
| 25:42 | Research | Iron Casting |
| 26:34 | Create | Villager (Male) ×4 |
| 26:54 | Create | Villager (Male) |
| 26:55 | Create | Villager (Male) |
| 27:03 | Create | Villager (Male) |
| 27:39 | Create | Villager (Male) ×4 |
| 27:46 | Build | Farm |
| 27:47 | Build | Farm |
| 27:49 | Build | Farm |
| 27:50 | Build | Farm |
| 27:51 | Build | Farm |
| 27:52 | Build | Farm |
| 27:53 | Build | Farm |
| 27:54 | Build | Farm |
| 27:55 | Build | Farm |
| 27:59 | Create | Villager (Male) |
| 28:01 | Create | Villager (Male) |
| 28:11 | Build | House |
| 28:12 | Build | House |
| 28:13 | Build | House |
| 28:14 | Build | House |
| 28:15 | Build | House |
| 28:15 | Build | House |
| 28:16 | Build | House |
| 28:17 | Build | House |
| 28:34 | Research | Squires |
| 29:15 | Create | Villager (Male) |
| 29:15 | Create | Villager (Male) |
| 29:15 | Create | Villager (Male) |
| 29:36 | Create | Villager (Male) |
| 29:37 | Create | Villager (Male) |
| 29:37 | Create | Villager (Male) |
| 29:47 | Build | Town Center |
| 30:13 | Research | War Galley (upgrade) |
| 30:18 | Create | Unit 2626 |
| 30:18 | Create | Unit 2626 |
| 30:19 | Create | Unit 2626 |
| 30:19 | Create | Unit 2626 |
| 30:23 | Create | Unit 2626 |
| 30:23 | Create | Unit 2626 |
| 30:33 | Create | Villager (Male) |
| 30:33 | Create | Villager (Male) |
| 30:34 | Create | Villager (Male) |
| 30:34 | Create | Villager (Male) |
| 30:35 | Create | Villager (Male) |
| 30:35 | Create | Villager (Male) |
| 30:52 | Research | Eagle Warrior (upgrade) |
| 30:54 | Create | Eagle Scout ×5 |
| 31:01 | Create | Eagle Scout |
| 31:09 | Build | Farm |
| 31:10 | Build | Farm |
| 31:11 | Build | Farm |
| 31:12 | Build | Farm |
| 31:14 | Build | Farm |
| 31:14 | Build | Farm |
| 31:16 | Build | Farm |
| 31:16 | Build | Farm |
| 31:21 | Create | Villager (Male) ×3 |
| 31:31 | Create | Villager (Male) |
| 31:58 | Create | Villager (Male) ×4 |
| 32:10 | Create | Eagle Scout |
| 32:10 | Create | Eagle Scout |
| 32:11 | Create | Eagle Scout |
Build order — 𝓙 𝓮 𝓪 𝓷 ´
0 actions detected in the replay
Match timeline
| 0:01 | 𝓙 𝓮 𝓪 𝓷 ´ · resign |
| 1:38 | Icke · first_building Dock |
| 12:08 | STRIKERRRR · first_building Barracks |
| 13:56 | STRIKERRRR · age_up feudal |
| 14:01 | STRIKERRRR · first_building Stable |
| 16:13 | Icke · age_up feudal |
| 17:52 | Icke · first_building Barracks |
| 20:04 | STRIKERRRR · first_building Archery Range |
| 20:58 | Icke · age_up castle |
| 25:00 | STRIKERRRR · first_market_buy 100 food |
| 26:16 | STRIKERRRR · first_building Dock |
| 27:44 | STRIKERRRR · age_up castle |
| 27:53 | STRIKERRRR · first_building Castle |
| 29:25 | STRIKERRRR · first_building Siege Workshop |
| 32:27 | Icke · first_building Castle |
| 34:00 | Icke · first_building Monastery |
| 34:57 | Icke · first_market_sell 500 stone |
| 38:27 | Icke · first_building Archery Range |
| 39:22 | STRIKERRRR · age_up imperial |
| 39:34 | STRIKERRRR · first_market_sell 100 food |
| 41:21 | Icke · age_up imperial |
| 41:35 | Icke · first_market_buy 100 wood |
[ AI ANALYSIS · 1 CREDIT ]
What really happened in this match?
Wolo.gg analyzes every decision: build order, eco, micro, common mistakes by bracket. Personalized analysis on WhatsApp or Discord in 30 seconds.
Civ guide
Spanish
Perfil
Jugador #4201082